 Dungeon Crawl Stone Soup version 0.26.1-11-gd32895ea62 (webtiles) character file.

Game seed: 14722429350715813729

229 KarvaRausku the Conjurer (level 6, -1/34 HPs)
             Began as a Tengu Conjurer on June 9, 2021.
             Slain by a gnoll
             ... wielding a +0 flail
              (8 damage)
             ... on level 4 of the Dungeon.
             The game lasted 00:11:21 (4618 turns).

KarvaRausku the Conjurer (Tengu Conjurer)           Turns: 4618, Time: 00:11:22

Health: -1/34      AC:  2    Str:  8    XL:     6   Next: 3%
Magic:  1/12       EV: 13    Int: 19    God:
Gold:   160        SH:  0    Dex: 13    Spells: 11/12 levels left

rFire    . . .     SeeInvis .   p - +2 dagger (venom)
rCold    . . .     Faith    .   (no shield)
rNeg     . . .     Spirit   .   j - +0 robe
rPois    .         Reflect  .   m - +0 hat
rElec    .         Harm     .   (no cloak)
rCorr    .         Rampage  .   (no gloves)
Will     .....                  (boots unavailable)
Stlth    ++........             (no amulet)
HPRegen  0.11/turn              (no ring)
MPRegen  0.13/turn              (no ring)

@: no status effects
A: beak, talons 3, able to fly
a: Fly


You were on level 4 of the Dungeon.
You visited 1 branch of the dungeon, and saw 4 of its levels.

You collected 160 gold pieces.

Inventory:

Hand Weapons
 b - a +0 hunting sling
 p - a +2 dagger of venom (weapon)
 r - a +0 spear
Armour
 a - a +0 robe
 h - a +0 robe
 j - a +0 robe (worn)
 m - a +0 hat (worn)
Scrolls
 d - 2 scrolls of teleportation {unknown}
 e - 2 scrolls of immolation {unknown}
 f - 4 scrolls of remove curse {unknown}
 g - 2 scrolls of noise {unknown}
 k - 3 scrolls of identify {unknown}
 n - a scroll of blinking {unknown}
 o - a scroll of fog {unknown}
 q - a scroll of enchant weapon {unknown}
Potions
 c - 2 potions of flight {unknown}
 l - a potion of haste {unknown}
 s - a potion of lignification {unknown}


   Skills:
 * Level 1.0 Fighting
 * Level 1.7 Polearms
 + Level 2.4 Dodging
 + Level 2.4 Stealth
 * Level 3.6 Spellcasting
 + Level 7.1 Conjurations


You had 11 spell levels left.
You knew the following spells:

 Your Spells              Type           Power        Failure   Level
a - Magic Dart            Conj           100%         1%          1

Your spell library contained the following spells:

 Spells                   Type           Power        Failure   Level
 Searing Ray              Conj           60%          1%          2
 Dazzling Flash           Conj/Hex       34%          10%         3
 Fulminant Prism          Conj/Hex       8%           32%         4
 Iskenderun's Mystic Bla  Conj/Tloc      17%          32%         4


Dungeon Overview and Level Annotations

Branches:
Dungeon (4/15)
 Temple: D:4-7

Altars:
Qazlal


Innate Abilities, Weirdness & Mutations

You have a beak for a mouth.
You have claws for feet.
You can fly continuously.


Message History

The magic dart hits the gnoll shaman.
The gnoll shaman is severely wounded.
You hit the gnoll shaman but do no damage.
The gnoll shaman is poisoned.
Your kick misses the gnoll shaman.
The gnoll shaman is severely wounded.
The gnoll shaman hits you with a +0 whip.
You hit the gnoll shaman but do no damage.
The gnoll shaman looks as sick as possible!
You claw the gnoll shaman.
You kill the gnoll shaman!
The gnoll hits you from afar with a +0 halberd!
* * * LOW HITPOINT WARNING * * *
Your Fighting skill increases to level 1!
You have reached level 6!
Your experience leads to an increase in your attributes!
Increase (S)trength, (I)ntelligence, or (D)exterity?
Uppercase letters only, please.
You feel agile. The gnoll closely misses you.
The gnoll hits you with a +0 flail!
You die...

#..####+# #gg...#.#
#.g##.#.# ##.. #.#.#
###### ... #.#.###
(...##.#.# #.#.#@#########
....##.#.###.#.#g#†.......
....##..>....g.g.'........
....####.#.#.###.#........
....#....#'#.....###.#####
....#.#...........# ..#
†...#.#...........# .#
......#...........# ..
....###...........# .#


You could see 2 gnolls.

Vanquished Creatures
  Natasha (D:3)
  A gnoll shaman (D:4)
  A worker ant (D:4)
  Robin (D:3)
  3 adders (D:3)
  A gnoll (D:4)
  5 worms
  5 dart slugs (D:1)
  5 leopard geckos
  4 orcs (D:3)
  2 ball pythons
  4 bats
  3 giant cockroaches
  12 goblins
  7 hobgoblins
  8 jackals
  2 frilled lizards
  3 kobolds
  10 rats
78 creatures vanquished.

Notes
Turn   | Place    | Note
-------+----------+-------------------------------------------
     0 | D:1      | KarvaRausku the Tengu Conjurer began the quest for the Orb.
     0 | D:1      | Reached XP level 1. HP: 10/10 MP: 4/4
   284 | D:1      | Reached XP level 2. HP: 14/15 MP: 3/6
   355 | D:1      | Reached skill level 6 in Conjurations
   987 | D:1      | Reached XP level 3. HP: 19/19 MP: 4/7
  2363 | D:3      | Reached XP level 4. HP: 23/24 MP: 2/8
  3013 | D:3      | Noticed Robin
  3254 | D:2      | Reached skill level 1 in Polearms
  3420 | D:3      | Noticed Natasha
  3851 | D:3      | Gained mutation: You can fly continuously. [Tengu growth]
  3851 | D:3      | Reached XP level 5. HP: 28/28 MP: 8/10
  3874 | D:3      | Killed Natasha
  3960 | D:3      | Killed Robin
  3961 | D:3      | Reached skill level 7 in Conjurations
  4104 | D:3      | Found a stormy altar of Qazlal.
  4106 | D:3      | Noticed a fire elemental
  4107 | D:3      | Noticed an air elemental
  4107 | D:3      | Noticed a water elemental
  4618 | D:4      | Reached skill level 1 in Fighting
  4618 | D:4      | Reached XP level 6. HP: 7/34 MP: 0/12
  4618 | D:4      | Slain by a gnoll

Illustrated notes

Levels and vault maps discovered:
D:1:      nicolae_arrival_memento_mori, layout_loops_corners, serial_rivers,
          chequers_serial_rivers_micro_a, chequers_serial_rivers_micro_a,
          chequers_serial_rivers_small_b, chequers_serial_rivers_micro_e,
          chequers_serial_rivers_room_b, chequers_serial_rivers_room_b
D:2:      minmay_chambers_of_twos, layout_loops_ring, serial_aquarium,
          aquarium_bridge_square [aquarium_subvault_window,
          aquarium_subvault_bridge, aquarium_subvault_bridge,
          aquarium_subvault_bridge], aquarium_bridge_island_small
          [aquarium_subvault_small_open, aquarium_subvault_bridge,
          aquarium_subvault_wall, aquarium_subvault_wall,
          aquarium_subvault_window], aquarium_window_fake, aquarium_window_1,
          aquarium_view_2b, aquarium_view_2e, aquarium_pool_five
D:3:      layout_loops_ring, nicolae_qazlal_style_of_elements, uniq_robin,
          uniq_natasha
D:4:      layout_basic

Skill      XL: |  1  2  3  4  5 |
---------------+----------------+-----
Conjurations   | 6 7 |  7.1
Polearms       | 1 |  1.7
Spellcasting   | 3 |  3.6
Fighting       | 1 |  1.0
Dodging        | |  2.4
Stealth        | |  2.4

Action                   |  1- 3 |  4- 6 || total
-------------------------+-------+-------++-------
Melee: Unarmed           |     8 |       ||     8
       Kick              |     7 |     5 ||    12
       Spear             |    15 |    16 ||    31
       Peck              |     1 |     1 ||     2
       Dagger            |       |     4 ||     4
 Cast: Magic Dart        |    69 |   107 ||   176
 Stab: Sleeping          |     1 |       ||     1
Armor: Robe              |    13 |     6 ||    19
Dodge: Dodged            |    19 |    31 ||    50
